 Dungeon Crawl Stone Soup version 0.27-a0-795-ge5c3fa52fd (webtiles) character file.

Game seed: 750069468225582017

126 Essalna the Ducker (level 5, -2/35 HPs)
             Began as a Djinni Venom Mage on Mar 27, 2021.
             Slain by an orc
             ... wielding a +0 flail
              (4 damage)
             ... on level 3 of the Dungeon.
             The game lasted 00:05:31 (3762 turns).

Essalna the Ducker (Djinni Venom Mage)              Turns: 3762, Time: 00:05:32

Health: -2/35      AC:  4    Str:  7    XL:     5   Next: 10%
Gold:   84         EV: 14    Int: 17    God:
                   SH:  0    Dex: 20

rFire    + + .     SeeInvis .   c - +2 mace (vorpal)
rCold    x . .     Faith    .   (no shield)
rNeg     . . .     Spirit   .   a - +0 robe
rPois    ∞         Reflect  .   n - +0 helmet
rElec    .         Harm     .   (no cloak)
rCorr    .         Rampage  .   g - +0 pair of gloves
Will     .....                  (boots unavailable)
Stlth    +++.......             (no amulet)
HPRegen  0.11/turn              i - +6 ring of dexterity
MPRegen  0.00/turn              (no ring)

@: flying
A: fire resistance 2, cold vulnerability 1, float, innate caster, hp casting,
extra vitality 1
a: no special abilities


You were on level 3 of the Dungeon.
You visited 1 branch of the dungeon, and saw 3 of its levels.

You collected 84 gold pieces.

Inventory:

Hand Weapons
 c - a +2 vorpal mace (weapon)
Armour
 a - a +0 robe (worn)
 g - a +0 pair of gloves (worn)
 n - a +0 helmet (worn)
Magical Staves
 e - a staff of cold
Jewellery
 i - a +6 ring of dexterity (left hand)
Wands
 m - a wand of flame (6)
Scrolls
 b - 3 scrolls of immolation {unknown}
 d - 2 scrolls of noise {unknown}
 h - 3 scrolls of teleportation {unknown}
 j - a scroll of identify {unknown}
Potions
 f - 3 potions of cancellation {unknown}
 k - a potion of mutation {unknown}
 l - a potion of haste {unknown}


   Skills:
 + Level 3.6 Dodging
 + Level 2.9 Stealth
 + Level 3.5 Spellcasting


You couldn't memorise any spells.
You knew the following spells:

 Your Spells              Type           Power      Damage    Failure   Level
a - Sting                 Tmut/Pois      56%        1d5       4%          1
b - Poisonous Vapours     Pois/Air       28%        N/A       6%          2
c - Mephitic Cloud        Conj/Pois/Air  14%        N/A       12%         3
d - Ignite Poison         Fire/Tmut/Pois 14%        N/A       12%         3
e - Olgreb's Toxic Radia  Pois           14%        N/A       36%         4
f - Freeze                Ice            56%        1d7       4%          1
g - Call Imp              Summ           14%        N/A       6%          2
Your spell library was empty.

Dungeon Overview and Level Annotations

Branches:
Dungeon (3/15)

Altars:
Kikubaaqudgha
Yredelemnul

Annotations:
D:3 2 transporters, Menkaure


Innate Abilities, Weirdness & Mutations

You are immune to poison.
Your flesh is very heat resistant. (rF++)
You are vulnerable to cold. (rC-)
You float through the air rather than walking.
You learn spells naturally, not from books.
Your magical power is your life essence.
You have superior vitality. (+4 HP)


Message History

* * * LOW HITPOINT WARNING * * *
Casting: Sting (safe; 4% risk of failure)
Confirm with . or Enter, or press ? or * to list all spells.
Aiming: Sting (safe; 4% risk of failure)
Press: ? - help, Shift-Dir - straight line, f - orc, p - orc wizard
Aim: an orc, wielding a +0 club and wearing a +0 leather armour (29% to evade)
The sting hits the orc.
The orc is poisoned.
The orc is moderately wounded.
* * * LOW HITPOINT WARNING * * *
You kill the orc wizard!
The orc closely misses you. x2
You have reached level 5!
The power to cast Call Imp wells up from within.
Spell assigned to 'g'.
You barely miss the orc.
The orc is moderately wounded.
The orc misses you. x2; The orc barely misses you.
Casting: Sting (safe; 4% risk of failure)
Confirm with . or Enter, or press ? or * to list all spells.
Aiming: Sting (safe; 4% risk of failure)
Press: ? - help, Shift-Dir - straight line, f/p - orc
Aim: an orc, wielding a +0 club and wearing a +0 leather armour (severely wounded, poisoned, 29% to evade)
The sting hits the orc.
The orc looks even sicker.
You kill the orc!
* * * LOW HITPOINT WARNING * * *
The orc hits you with a +0 flail.
* * * LOW HITPOINT WARNING * * *
Casting: Sting (safe; 4% risk of failure)
Confirm with . or Enter, or press ? or * to list all spells.
Aiming: Sting (safe; 4% risk of failure)
Press: ? - help, Shift-Dir - straight line, f - orc
Aim: an orc, wielding a +0 flail (29% to evade)
The sting hits the orc.
The orc is poisoned.
The orc is heavily wounded.
* * * LOW HITPOINT WARNING * * *
The orc barely misses you.
You closely miss the orc.
The orc is heavily wounded.
The orc hits you with a +0 flail.
You die...

..........#
..........#
#..........#
#...)......#
#..........#
#......)...#
####..........#
######....##...#o).##
.......##.#.....@...##
#######..............#
# ##....#............#
###..####..†.........#
[...## #.#.........##
...## #.#....#...##
#)..# ##.#.########
....####..#.##
###..........##


You could see an orc (poisoned).

Vanquished Creatures
  An orc wizard (D:3)
  A worm (D:3)
  2 dart slugs
  12 orcs (D:3)
  3 ball pythons
  11 bats
  8 endoplasms
  5 giant cockroaches
  6 goblins
  2 hobgoblins (D:1)
  6 jackals
  6 kobolds
  2 quokkas
  3 frilled lizards (D:3)
  7 rats
75 creatures vanquished.

Notes
Turn   | Place    | Note
-------+----------+-------------------------------------------
     0 | D:1      | Essalna the Djinni Venom Mage began the quest for the Orb.
     0 | D:1      | Reached XP level 1. HP: 15/15 MP: 0/0
   367 | D:2      | Reached XP level 2. HP: 13/21 MP: 0/0
   649 | D:2      | Found a faded altar of an unknown god.
  1280 | D:1      | Reached XP level 3. HP: 22/25 MP: 0/0
  1280 | D:1      | Learned a level 1 spell: Freeze
  2597 | D:3      | Reached XP level 4. HP: 26/31 MP: 0/0
  3434 | D:3      | Found a transporter.
  3434 | D:3      | Found a basalt altar of Yredelemnul.
  3435 | D:3      | Noticed Menkaure
  3506 | D:3      | Found a transporter.
  3758 | D:3      | Reached XP level 5. HP: 6/35 MP: 0/0
  3758 | D:3      | Learned a level 2 spell: Call Imp
  3762 | D:3      | Slain by an orc

Illustrated notes

Levels and vault maps discovered:
D:1:      wander_arrival_chamber, layout_loops_cross, hangedman_decor_riveting,
          minmay_shallow_snake_nest
D:2:      layout_rooms, chequers_ecumenical_altar_simple_redux
D:3:      layout_rooms, gammafunk_temple_of_torment, minmay_circle_x

Skill      XL: |  1  2  3 |
---------------+----------+-----
Stealth        | 2 |  2.9
Spellcasting   | 3 |  3.5
Dodging        | 3 |  3.6

Action                   |  1- 3 |  4- 6 || total
-------------------------+-------+-------++-------
Melee: Unarmed           |     1 |       ||     1
       Mace              |    28 |    12 ||    40
 Cast: Sting             |    75 |    21 ||    96
       Poisonous Vapours |     4 |    35 ||    39
Armor: Robe              |    17 |     8 ||    25
Dodge: Dodged            |    52 |    20 ||    72

Table legend: (Time is in decaauts)
 A = Elapsed time spent in this place.
 B = Non-inter-level travel time spent in this place.
 C = Inter-level travel time spent in this place.
 D = Time resting spent in this place.
 E = Time spent auto-exploring this place.
 F = Levels seen in this place.
 G = Mean time per level.
                   A        B        C        D        E       F      G
               +--------+--------+--------+--------+--------+-----+--------+
         Total |   3779 |   3693 |     86 |    307 |   2940 |   3 | 1259.7 |
       Dungeon |   3779 |   3693 |     86 |    307 |   2940 |   3 | 1259.7 |
               +--------+--------+--------+--------+--------+-----+--------+

Top non-repeatable levels by time:
     D:2: 1439 daAuts
     D:1: 1328 daAuts
     D:3: 1011 daAuts
